 Dungeon Crawl Stone Soup version 0.28.0-56-g4927b6849a (webtiles) character file.

Game seed: 15789557687193150682

3476 Atelerd the Thaumaturge (level 10, -5/63 HPs)
             Began as an Octopode Earth Elementalist on Jan 25, 2023.
             Was a Follower of Sif Muna.
             Slain by a wolf (10 damage)
             ... led by Grum
             ... on level 8 of the Dungeon on Jan 26, 2023.
             The game lasted 00:13:21 (11021 turns).

Atelerd the Thaumaturge (OpEE)                     Turns: 11021, Time: 00:13:22

Health: -5/63      AC:  1    Str:  7    XL:     10   Next: 6%
Magic:  11/22      EV: 15    Int: 21    God:    Sif Muna [*.....]
Gold:   210        SH:  0    Dex: 14    Spells: 20/25 levels left

rFire   . . .      SeeInvis .   k - +1 short sword (venom)
rCold   . . .      Faith    .   (no shield)
rNeg    . . .      Spirit   .   (helmet restricted)
rPois   .          Reflect  .   (no amulet)
rElec   .          Harm     .   v - +4 ring of slaying
rCorr   .          Rampage  .   (no ring)
Will    .....                   (no ring)
Stlth   ++++......              (no ring)
HPRegen 0.20/turn               (no ring)
MPRegen 0.18/turn               (no ring)
                                (no ring)
                                (no ring)

@: about to teleport, studying Polearms
A: almost no armour, amphibious, 8 rings, camouflage 1, gelatinous body 1,
(nimble swimmer 1), tentacles
a: Renounce Religion, Channel Magic


You were on level 8 of the Dungeon.
You worshipped Sif Muna.
Sif Muna was aware of your devotion.
You visited 2 branches of the dungeon, and saw 9 of its levels.

You collected 210 gold pieces.

Inventory:

Hand Weapons
 k - a +1 short sword of venom (weapon)
 w - the +4 quarterstaff of the End {flame, MP+9}
   (You took it off a gnoll on level 6 of the Dungeon)

   It burns those it strikes, dealing additional fire damage.
   MP:        It affects your magic capacity (+9).
Missiles
 b - 109 stones
 o - 4 throwing nets
Armour
 t - a +0 buckler
Jewellery
 v - a +4 ring of slaying (left tentacle)
Wands
 a - a wand of polymorph (4)
 u - a wand of flame (24)
 y - a wand of paralysis (4)
Scrolls
 d - a scroll of acquirement {unknown}
 g - a scroll of magic mapping
 i - a scroll of vulnerability
 j - a scroll of teleportation
 p - a scroll of summoning {unknown}
 r - 2 scrolls of fog {unknown}
 s - 2 scrolls of identify {unknown}
Potions
 c - 2 potions of curing
 e - 2 potions of flight {unknown}
 f - 2 potions of mutation {unknown}
 h - a potion of cancellation {unknown}
 l - 2 potions of berserk rage {unknown}
 m - a potion of ambrosia {unknown}
 n - a potion of might {unknown}
 q - 2 potions of lignification {unknown}
 x - a potion of haste {unknown}


   Skills:
 - Level 3.0 Fighting
 - Level 3.0 Short Blades
 - Level 5.0 Dodging
 - Level 7.0 Stealth
 + Level 8.1 Spellcasting
 - Level 5.0 Transmutations
 - Level 6.0 Earth Magic
 - Level 3.0 Invocations


You had 20 spell levels left.
You knew the following spells:

 Your Spells              Type           Power      Damage    Failure   Level
a - Sandblast             Erth           66%        2d15      1%          1
p - Petrify               Tmut/Erth      31%        N/A       9%          4

Your spell library contained the following spells:

 Spells                   Type           Power      Damage    Failure   Level
 Passwall                 Tmut/Erth      25%        N/A       1%          2
 Stone Arrow              Conj/Erth      42%        3d9       7%          3
 Blink                    Tloc           16%        N/A       12%         2
 Lesser Beckoning         Tloc           8%         N/A       24%         3
 Manifold Assault         Tloc           8%         N/A       91%         5
 Lehudib's Crystal Spear  Conj/Erth      10%        10d4      100%        8
 Animate Armour           Summ/Erth      Unusable   N/A       N/A         4

Dungeon Overview and Level Annotations

Branches:
Dungeon (8/15)             Temple (1/1) D:4
   Lair: D:8-11

Altars:
Ashenzari
Cheibriados
Dithmenos
Elyvilon
Fedhas
Gozag
Hepliaklqana
Kikubaaqudgha
Makhleb
Nemelex Xobeh
Okawaru
Qazlal
Sif Muna
Trog
Uskayaw
Vehumet
Wu Jian
Xom
Yredelemnul
Zin
The Shining One

Annotations:
D:4 exclusion: 2 downstairs
D:6 exclusion: downstairs
D:8 Grum


Innate Abilities, Weirdness & Mutations

You cannot wear most types of armour.
You are amphibious.
You can wear up to eight rings at the same time.
Your skin changes colour to match your surroundings (Stealth+).
Your rubbery body absorbs attacks. (AC +1, EV +1)
((You are camouflaged when in or above water. (Stealth+)))
You have tentacles for arms and can constrict up to eight enemies at once.


Message History

The wolf is moving more slowly.
The wolf bites you. x2
The wolf closely misses you. x2
Unknown command.
Casting: Petrify (dangerous; 9% risk of failure)
Confirm with . or Enter, or press ? or * to list all spells.
Aiming: Petrify (dangerous; 9% risk of failure)
Press: ? - help, Shift-Dir - straight line, f - wolf, p - wolf
Aim: a wolf (moderately wounded, chance to affect: 61%)
The wolf is moving more slowly.
The wolf bites you! The wolf closely misses you. The wolf bites you!
Unknown command.
Your magical contamination has completely faded away.
The wolf misses you. The wolf misses you.
The wolf stops moving altogether!
You catch the helpless wolf completely off-guard!
You puncture the wolf!
The wolf is poisoned.
You grab the wolf. You squeeze the wolf.
The wolf is severely wounded.
You constrict the wolf, but do no damage.
The wolf stops moving altogether!
The helpless wolf fails to defend itself.
You impale the wolf!!
You kill the wolf!
Sif Muna accepts your kill.
Your Spellcasting skill increases to level 8!
The helpless wolf fails to defend itself.
You puncture the wolf! You grab the wolf.
The wolf is moderately wounded.
You constrict the wolf, but do no damage.
The wolf bites you! The wolf bites you.
As you read the scroll of teleportation, it crumbles to dust.
You feel strangely unstable.
You constrict the wolf. The wolf bites you.
* * * LOW HITPOINT WARNING * * *
You release your grip on the wolf.
The wolf bites you!
* * * LOW HITPOINT WARNING * * *
You feel better. The wolf bites you!
* * * LOW HITPOINT WARNING * * *
The wolf bites you!
You die...

#..#.#....#
#..........
##..........
##.....g.....
#######............
##..................
#...........#.....##
#..hh......h......#
##@..g.............
#...............##.
###..............#
###....#...#.....
#.#.#.#..##...#
#####.#### #### ###


You could see Grum and 2 wolves.

Vanquished Creatures
  Joseph (D:7)
  A steam dragon (D:6)
  2 water moccasins
  An acid dragon (D:6)
  A hornet zombie (D:5)
  2 ice beasts (D:7)
  A black bear (D:5)
  A wolf (D:8)
  A necrophage (D:7)
  2 ogres
  A phantom (D:5)
  2 bullfrogs (D:6)
  3 scorpions
  3 killer bees (D:7)
  2 howler monkeys (D:6)
  14 wights
  4 orc priests
  A bullfrog zombie (D:6)
  2 hounds
  A human zombie (D:6)
  A bullfrog skeleton (D:5)
  2 jellies
  3 iguanas
  5 orc wizards
  A killer bee zombie (D:6)
  A hound skeleton (D:5)
  3 mummies (D:6)
  A howler monkey zombie (D:6)
  11 gnolls (D:6)
  5 adders
  3 white imps
  An ufetubus (D:6)
  An adder skeleton (D:4)
  2 worms (D:2)
  2 dart slugs
  14 orcs
  5 ball pythons
  4 endoplasms
  11 goblins
  7 hobgoblins
  3 quokkas
  7 bats
  2 frilled lizards (D:1)
  7 kobolds
  5 rats
153 creatures vanquished.

Vanquished Creatures (others)
  2 fungi (D:7)
  A plant (D:7)
3 creatures vanquished.

Grand Total: 156 creatures vanquished

Notes
Turn   | Place    | Note
-------+----------+-------------------------------------------
     0 | D:1      | Atelerd the Octopode Earth Elementalist began the quest for
                  | the Orb.
     0 | D:1      | Reached XP level 1. HP: 11/11 MP: 3/3
   125 | D:1      | Reached XP level 2. HP: 16/17 MP: 5/5
   327 | D:2      | Found a faded altar of an unknown god.
   732 | D:2      | Reached XP level 3. HP: 17/21 MP: 2/6
  2047 | D:3      | Reached XP level 4. HP: 27/27 MP: 5/7
  2185 | D:4      | Found a staircase to the Ecumenical Temple.
  2604 | D:4      | Found an opulent altar of Gozag.
  2608 | D:4      | Noticed a scorpion
  2612 | D:4      | Killed a scorpion
  2613 | D:4      | Reached XP level 5. HP: 18/31 MP: 6/9
  2907 | D:4      | Reached skill level 3 in Spellcasting
  3777 | D:5      | Entered Level 5 of the Dungeon
  4445 | D:4      | Learned a level 4 spell: Petrify
  4623 | D:5      | Reached skill level 5 in Stealth
  4623 | D:5      | Reached XP level 6. HP: 27/36 MP: 6/11
  5070 | D:5      | Reached XP level 7. HP: 41/41 MP: 8/12
  5399 | D:5      | Found a radiant altar of Vehumet.
  5736 | D:5      | Reached skill level 5 in Earth Magic
  5851 | Temple   | Entered the Ecumenical Temple
  5915 | Temple   | Became a worshipper of Sif Muna the Loreminder
  6347 | D:5      | Reached skill level 4 in Spellcasting
  6564 | D:5      | Reached XP level 8. HP: 39/46 MP: 12/14
  6619 | D:5      | Found a hide-covered altar of Uskayaw.
  6827 | D:6      | Reached skill level 5 in Transmutations
  7092 | D:6      | Identified the +4 ring mail of Sueptam {*Slow Int+2 Stlth+}
  7153 | D:6      | Reached skill level 1 in Invocations
  7251 | D:6      | Reached skill level 1 in Short Blades
  7275 | D:6      | Reached skill level 1 in Fighting
  7574 | D:6      | Reached skill level 5 in Spellcasting
  7587 | D:6      | Found a basalt altar of Yredelemnul.
  7592 | D:6      | Reached XP level 9. HP: 46/53 MP: 12/16
  7636 | D:6      | Reached * piety under Sif Muna
  8040 | D:6      | Identified the +4 quarterstaff of the End {flame, MP+9}
  8156 | D:7      | Noticed Joseph
  8991 | D:7      | Killed Joseph
  8992 | D:7      | Reached skill level 5 in Dodging
  8992 | D:7      | Reached skill level 6 in Spellcasting
  9484 | D:7      | Reached skill level 7 in Spellcasting
  9748 | D:7      | Reached ** piety under Sif Muna
  9880 | D:7      | Reached XP level 10. HP: 55/63 MP: 21/21
 10334 | D:7      | Found a blossoming altar of Fedhas.
 10906 | D:8      | Noticed Grum
 11017 | D:8      | Reached skill level 8 in Spellcasting
 11021 | D:8      | Slain by a wolf

Illustrated notes

Levels and vault maps discovered:
D:1:      minmay_arrival_stair_chambers, layout_rooms
D:2:      layout_basic, basic_ecumenical_altar, uniq_crazy_yiuf_cottage
D:3:      layout_basic
D:4:      layout_loops_ring, nicolae_gozag_cash_rules_everything_around_me,
          minmay_temple_entry_overgrown, corexii_hall_statues_t,
          minmay_crystal_room, kennysheep_small_spiral, minmay_misc_feat_hallway
D:5:      layout_rooms, mainiacjoe_overflow_brackets, vehumet_altar_wand_db
D:6:      minmay_chambers_of_fours, layout_loops_ring,
          lemuel_mausoleum_altar_yredelemnul, grunt_decor_one_mirror
D:7:      layout_layer_cave, fedhas_altar_3, minivault_27, uniq_joseph
D:8:      layout_cave_pools, gammafunk_ghost_berserking_beasts,
          minmay_manual_moon, uniq_grum
Temple:   compressed_dpeg_circular_temple

Skill      XL: |  1  2  3  4  5  6  7  8  9 10 |
---------------+-------------------------------+-----
Stealth        | 3 4 5 6 7 |  7.0
Transmutations | 2 3 4 5 |  5.0
Earth Magic    | 4 5 6 |  6.0
Spellcasting   | 3 4 5 7 8 |  8.1
Invocations    | 2 3 |  3.0
Short Blades   | 2 3 |  3.0
Fighting       | 1 3 |  3.0
Dodging        | 5 |  5.0

Action                   |  1- 3 |  4- 6 |  7- 9 | 10-12 || total
-------------------------+-------+-------+-------+-------++-------
Melee: Unarmed           |     6 |       |       |       ||     6
       Constrict         |    15 |    11 |    25 |     2 ||    53
       Tentacles         |    13 |    11 |    20 |     1 ||    45
       Short sword       |    27 |    38 |    90 |     3 ||   158
       Punch             |     1 |       |     2 |       ||     3
       Dagger            |     3 |       |       |       ||     3
       Quarterstaff      |       |       |    16 |       ||    16
 Cast: Sandblast         |    26 |    37 |    75 |    12 ||   150
       Petrify           |       |     7 |    20 |     3 ||    30
Evoke: Wand              |       |       |       |     2 ||     2
  Use: Scroll            |       |     1 |     3 |     3 ||     7
       Potion            |       |       |     1 |     1 ||     2
 Stab: Sleeping          |     2 |     4 |    19 |       ||    25
       Petrified         |       |    14 |    33 |     2 ||    49
       Petrifying        |       |       |     1 |     1 ||     2
Armor: Skin              |     3 |     3 |     3 |       ||     9
Dodge: Dodged            |    41 |    46 |    79 |    12 ||   178
